 Dungeon Sprint DCSS version 0.24.1-14-gf8d2b50 (webtiles) character file.

Game seed: 17576211212147898301, levelgen mode: deterministic

0 operationiv the Chopper (level 2, -2/28 HPs)
             Began as a Hill Orc Monk on Aug 24, 2020.
             Was a Believer of Fedhas.
             Splashed by a jelly's acid (4 damage)
             ... in the Dungeon (Sprint VI: "Thunderdome").
             The game lasted 00:00:31 (74 turns).

operationiv the Chopper (Hill Orc Monk)               Turns: 74, Time: 00:00:32

Health: -2/28      AC:  2    Str: 13    XL:     2   Next: 20%
Magic:  3/3        EV: 13    Int: 10    God:    Fedhas [**....]
Gold:   200        SH:  0    Dex: 13    Spells: 1/1 levels left

rFire    . . .     SeeInvis .   a - +0 hand axe
rCold    . . .     Gourm    .   (no shield)
rNeg     . . .     Faith    .   b - +0 robe
rPois    .         Spirit   .   (no helmet)
rElec    .         Reflect  .   (no cloak)
rCorr    .         Harm     .   (no gloves)
MR       .....     NoTele   +   (no boots)
Stlth    ++........             (no amulet)
HPRegen  0.09/turn              (no ring)
MPRegen  0.08/turn              (no ring)

@: no status effects
A: no striking features
a: Wall of Briars, Renounce Religion


You were in the Dungeon.
You worshipped Fedhas.
Fedhas was pleased with you.
You were not hungry.

You visited 1 branch You collected 200 gold pieces.

Inventory:

Hand Weapons
 a - a +0 hand axe (weapon)
Armour
 b - a +0 robe (worn)
Wands
 k - a wand of acid (5)
   (You found it in the Dungeon)
 l - a wand of iceblast (5)
   (You found it in the Dungeon)
Scrolls
 i - 4 scrolls of blinking {!r}
 m - 3 scrolls of fog
Potions
 d - a potion of curing
 e - 4 potions of heal wounds
 f - 4 potions of haste
 g - 2 potions of magic
 h - a potion of berserk rage {!q}
 j - a potion of resistance
Comestibles
 c - a ration


   Skills:
 + Level 4.4 Fighting
 * Level 5.6 Axes
 - Level 2.4 Dodging
 - Level 1.5 Stealth
 + Level 2.5 Invocations


You had one spell level left.
You didn't know any spells.
Your spell library was empty.

Dungeon Overview and Level Annotations

Branches:
Dungeon (1/1)

Altars:
Dithmenos
Fedhas
Gozag
Okawaru
Qazlal
Sif Muna
Wu Jian
Xom
Zin
Beogh
Jiyva
Lugonu

Shops:
D *[%?**[(


Message History

You have entered the arena!
You will win if you kill everything that spawns (including allies).
If it is a boss round, you only need to kill the boss in order to win.
If it is a lightning round, you only need to survive!
Welcome, operationiv the Hill Orc Monk.
Found 200 gold pieces.
Found a staircase leading out of the dungeon.
Found a shimmering blue altar of Sif Muna.
You now have 200 gold pieces.
j - a potion of resistance;
k - a wand of acid (5);
l - a wand of iceblast (5)
f - 4 potions of haste (gained 3);
e - 4 potions of heal wounds (gained 3)
m - 3 scrolls of fog
i - 4 scrolls of blinking {!r} (gained 3)
There is a staircase leading out of the dungeon here.
Get ready!
Found a shadowy altar of Dithmenos and a shimmering altar of Xom.
ROUND 1!
FIGHT!
You sense a tension in the south.
Found a corrupted altar of Lugonu and a glowing silver altar of Zin.
Found Biunatos's Delicious Food and Lovumao's Identification Station.
Found a blossoming altar of Fedhas.
Found Zoce's Jewellery and Wyrroiz's Advanced Armour.
Found an iron altar of Okawaru.
Found an ornate altar of the Wu Jian Council.
An ooze comes into view.
The ooze quivers.
The ooze jiggles.
There is a blossoming altar of Fedhas here.
You kneel at the altar of Fedhas.
Fedhas welcomes you!
You can now encircle yourself with summoned briar patches.
The plants of the dungeon cease their hostilities.
The ooze misses you.
Found Namasat's Premium Goods and Epesudgh's Miscellaneous Merchandise.
Found an opulent altar of Gozag.
You hit the ooze. The ooze closely misses you. x2
You hit the ooze. The ooze hits you.
You take 1 damage, and have 18/19 hp.
You hit the ooze. The ooze hits you.
You take 3 damage, and have 15/19 hp.
You hit the ooze. The ooze barely misses you.
You hit the ooze.
You kill the ooze!
Fedhas accepts your kill.
Your Fighting skill increases to level 4!
Your Axes skill increases to level 5!
Your Invocations skill gained 2 levels and is now at level 2!
Found Sycam's Basic Armour.
You start resting.
An ooze comes into view.
The ooze quivers.
MP restored: 2
Found Keeppewk's Weapon Rack.
Found three altars.
You hit the ooze. The ooze barely misses you.
You slash the ooze! The ooze closely misses you.
You barely miss the ooze. The ooze barely misses you.
You hit the ooze. The ooze hits you.
You take 4 damage, and have 13/20 hp.
You hit the ooze.
You kill the ooze!
Fedhas accepts your kill.
You have reached level 2!
You regained 5 hp, and now have 18/28 hp.
MP restored: 3 You start resting.
A jelly comes into view.
The jelly quivers.
An ooze comes into view.
You regained 2 hp, and now have 20/28 hp.
There are monsters nearby!
You hit the jelly.
Your hands burn!
The jelly closely misses you.
You take 1 damage, and have 20/28 hp.
You hit the jelly.
Your hands burn!
The jelly hits you.
You are splashed with acid!
* * * LOW HITPOINT WARNING * * *
You take 13 damage, and have 7/28 hp.
MASSIVE DAMAGE!!
You hit the jelly but do no damage.
Your hands burn!
* * * LOW HITPOINT WARNING * * *
The jelly closely misses you.
You take 5 damage, and have 2/28 hp.
You slash the jelly!
Your hands burn!
You die...
Fedhas appreciates your contribution to the ecosystem.

⌠..........###...###..
#.............###.....
##∩........8.# .8...
##∩_._......###......
######.8.........8.#
#§...........⌠#
###.........###
#_......._#
#_..@...._#
#_..J...._#
#∩.......∩#
##∩.....∩## ##.....##
##§⌠⌠## #####


You could see a jelly.

Vanquished Creatures
  2 oozes (D)
2 creatures vanquished.

Notes
Turn   | Place    | Note
-------+----------+-------------------------------------------
     0 | D        | operationiv the Hill Orc Monk began the quest for the Orb.
     0 | D        | Reached XP level 1. HP: 19/19 MP: 1/1
     0 | D        | Found a shimmering blue altar of Sif Muna.
     4 | D        | Found a shadowy altar of Dithmenos.
     4 | D        | Found a shimmering altar of Xom.
     5 | D        | Found a corrupted altar of Lugonu.
     5 | D        | Found a glowing silver altar of Zin.
     5 | D        | Round 1.
     6 | D        | Found Biunatos's Delicious Food.
     6 | D        | Found a blossoming altar of Fedhas.
     6 | D        | Found Lovumao's Identification Station.
     7 | D        | Found Zoce's Jewellery.
     7 | D        | Found Wyrroiz's Advanced Armour.
     9 | D        | Found an iron altar of Okawaru.
    10 | D        | Found an ornate altar of the Wu Jian Council.
    14 | D        | Became a worshipper of Fedhas Madash
    14 | D        | Reached * piety under Fedhas
    14 | D        | Reached ** piety under Fedhas
    17 | D        | Found an opulent altar of Gozag.
    17 | D        | Found Namasat's Premium Goods.
    17 | D        | Found Epesudgh's Miscellaneous Merchandise.
    22 | D        | Reached skill level 4 in Fighting
    22 | D        | Reached skill level 5 in Axes
    22 | D        | Reached skill level 2 in Invocations
    23 | D        | Found Sycam's Basic Armour.
    36 | D        | Found a stormy altar of Qazlal.
    36 | D        | Found a viscous altar of Jiyva.
    36 | D        | Found a roughly hewn altar of Beogh.
    36 | D        | Found Keeppewk's Weapon Rack.
    43 | D        | Reached XP level 2. HP: 18/28 MP: 3/3
    72 | D        | HP: 7/28 [acid (9)]
    73 | D        | HP: 2/28 [acid (5)]
    74 | D        | Splashed by a jelly's acid

Levels and vault maps discovered:
D:        arena_sprint

Skill      XL: |  1 |
---------------+----+-----
Fighting       | 4 |  4.4
Axes           | 5 |  5.6
Invocations    | 2 |  2.5
Dodging        | |  2.4
Stealth        | |  1.5

Action                   || total
-------------------------++-------
Melee: Hand axe          ||    14
Dodge: Dodged            ||     9

Levels and vault maps discovered:
D:        arena_sprint

Table legend:
 A = Turns spent in this place as a percentage of turns spent in the entire game.
 B = Non-inter-level travel turns spent in this place as a percentage of non-inter-level travel turns spent in the entire game.
 C = Inter-level travel turns spent in this place as a percentage of turns spent in this place.
 D = Turns resting spent in this place as a percentage of non-inter-level travel turns spent in this place.
 E = Turns spent auto-exploring this place as a percentage of non-inter-level travel turns spent in this place.
 F = Non-inter-level travel turns spent in this place divided by the number of levels of this place that you've seen.
                   A       B       C       D       E      F
               +-------+-------+-------+-------+-------+----------------------
         Total | 100.0 | 100.0 |   0.0 |  45.9 |   0.0 |  74.0
       Dungeon | 100.0 | 100.0 |   0.0 |  45.9 |   0.0 |  74.0
               +-------+-------+-------+-------+-------+----------------------

Table legend:
 A = Kills in this place as a percentage of kills in entire the game.
 B = Kills by you in this place as a percentage of kills by you in the entire game.
 C = Kills by friends in this place as a percentage of kills by friends in the entire game.
 D = Other kills in this place as a percentage of other kills in the entire game.
 E = Experience gained in this place as a percentage of experience gained in the entire game.
 F = Experience gained in this place divided by the number of levels of this place that you have seen.
                   A       B       C       D       E      F
               +-------+-------+-------+-------+-------+----------------------
         Total | 100.0 | 100.0 |   N/A |   N/A | 100.0 |  15.0
       Dungeon | 100.0 | 100.0 |   N/A |   N/A | 100.0 |  15.0
               +-------+-------+-------+-------+-------+----------------------
